 Dungeon Crawl Stone Soup version 0.31-a0-640-g39d97e502b (webtiles) character file.

Game seed: 2382132948504140047

969 GordonOverkill the Sneak (level 8, 0/24 HPs)
             Began as a Vine Stalker Delver on Aug 28, 2023.
             Was a Follower of Okawaru.
             Slain by a two-headed ogre
             ... wielding a +0 giant club
              (2 damage)
             ... on level 7 of the Dungeon.
             The game lasted 00:07:35 (4195 turns).

GordonOverkill the Sneak (Vine Stalker Delver)      Turns: 4195, Time: 00:07:36

Health: 0/24       AC:  5    Str: 22    XL:     8   Next: 16%
Magic:  0/10       EV: 15    Int: 10    God:    Okawaru [*.....]
Gold:   331        SH:  0    Dex: 16    Spells: 7/7 levels left

rFire   . .          .
                       - Unarmed
rCold   . . .        (shield currently unavailable)
rNeg    . . .        i - melded +1 chain mail of Foolhardiness {Regen+ Dex+3}
rPois   .            (helmet currently unavailable)
rElec   .            q - melded scarf {rC+ rF+}
rCorr   .            k - melded +0 pair of gloves
SInv    .            (boots currently unavailable)
Will    +....        (no amulet)
Stlth   +++          b - +5 ring of evasion
HPRegen 1.04/turn    (no ring)
MPRegen 0.12/turn

%: guardian spirit
@: snake-form
A: constrict, reduced hp, large, (fangs 3), regeneration 1, magic shield,
(antimagic bite), no potion heal 2
a: Begin Untransformation, Renounce Religion, Heroism


You were on level 7 of the Dungeon.
You worshipped Okawaru.
Okawaru was aware of your devotion.
You were an enormous anaconda.
You visited 2 branches of the dungeon, and saw 8 of its levels.

You collected 331 gold pieces.

Inventory:

Missiles
 y - a throwing net
Armour
 i - the +1 chain mail of Foolhardiness (melded) {Regen+ Dex+3}
   (You found it on level 6 of the Dungeon)

   Dex+3:     It affects your dexterity (+3).
   Regen+:    It increases your rate of health regeneration.
 k - a +0 pair of gloves (melded)
 q - a scarf of resistance (melded)
Magical Staves
 x - a staff of fire
Jewellery
 b - a +5 ring of evasion (left hand)
 e - an amulet of magic regeneration
Talismans
 p - a serpent talisman (active)
 v - a dragon-blood talisman
Wands
 g - a wand of digging (3)
 z - a wand of roots (8)
Scrolls
 a - a scroll of silence {unknown}
 c - a scroll of fog
 d - a scroll of revelation
 j - a scroll of amnesia {unknown}
 l - 2 scrolls of enchant weapon
 m - a scroll of blinking
 n - 2 scrolls of teleportation
 o - a scroll of enchant armour {unknown}
 r - a scroll of noise {unknown}
 t - a scroll of summoning {unknown}
 u - 2 scrolls of poison {unknown}
Potions
 f - 3 potions of haste
 h - 2 potions of lignification {unknown}
 s - a potion of attraction
 w - a potion of enlightenment {unknown}


   Skills:
 - Level 3.0 Fighting
 - Level 2.3 Polearms
 - Level 0.9 Armour
 - Level 2.0 Dodging
 - Level 6.0 Stealth
 + Level 5.6 Unarmed Combat
 - Level 2.0 Invocations
 + Level 5.1 Shapeshifting


You had 7 spell levels left.
You didn't know any spells.
Your spell library contained the following spells:

 Spells                   Type           Power      Damage    Failure   Level
 Ensorcelled Hibernation  Hex/Ice        0%         N/A       50%         2
 Passwall                 Tmut/Erth      0%         N/A       50%         2
 Swiftness                Air            0%         N/A       75%         3


Dungeon Overview and Level Annotations

Branches:
Dungeon (7/15)             Temple (1/1) D:5

Altars:
Ashenzari
Cheibriados
Dithmenos
Elyvilon
Fedhas
Gozag
Hepliaklqana
Makhleb
Okawaru
Qazlal
Ru
Sif Muna
Trog
Uskayaw
Vehumet
Wu Jian
Yredelemnul
The Shining One


Innate Abilities, Weirdness & Mutations

You are an enormous anaconda.
You have a powerful constriction melee attack.
Your maximum health is decreased, since you lack skill for your form.
Your armour is entirely melded.
You are incapable of wielding weapons or throwing items.
((You have razor-sharp teeth.))
Your natural rate of healing is unusually fast.
When hurt, damage is shared between your health and your magic reserves.
((Your bite disrupts and absorbs the magic of your enemies.))
Potions cannot restore your health.


Message History

You release your grip on the two-headed ogre.
The orc attacks as it pursues you! The orc misses you.
An orc wizard comes into view.
It is wielding a +1 dagger of holy wrath.
An orc comes into view. It is wielding a +0 hand axe.
Blink to where?
Press: ? - help, Dir - move target
As you read the scroll of blinking, it crumbles to dust.
An orc comes into view. It is wielding a +0 flail.
There is a stone staircase leading up here.
You closely miss the orc. Your grab misses the orc. The orc barely misses you.
You body-slam the orc!!
You kill the orc!
Okawaru accepts your kill.
You climb upwards.
There is a stone staircase leading down here.
You start resting.
HP restored.
You start resting.
Magic restored.
You climb downwards.
The two-headed ogre barely misses you. The two-headed ogre misses you.
The orc wizard hits you with a +1 dagger of holy wrath.
There is a stone staircase leading up here.
You hit the two-headed ogre but do no damage.
You grab the two-headed ogre. You constrict the two-headed ogre.
You lash the two-headed ogre!
The two-headed ogre is moderately wounded.
You constrict the two-headed ogre. The orc wizard closely misses you.
The two-headed ogre hits you with a +0 giant club!
The two-headed ogre hits you with a +0 dire flail.
* * * LOW HITPOINT WARNING * * *
You hit the two-headed ogre.
The two-headed ogre is moderately wounded.
You constrict the two-headed ogre.
The orc wizard hits you with a +1 dagger of holy wrath.
* * * LOW HITPOINT WARNING * * *
The two-headed ogre hits you with a +0 giant club!
* * * LOW HITPOINT WARNING * * *
The two-headed ogre hits you with a +0 dire flail.
You die...

############
#ooSO.......
#o########## #.#
#o# #o#
###.##O########
$.........o.)..#
###......O.))o.....
..........####o####


You could see a two-headed ogre, an orc wizard and 2 orcs.

Vanquished Creatures
  A steam dragon (D:3)
  Menkaure (D:6)
  An ogre (D:6)
  2 bullfrogs (D:6)
  2 scorpions (D:6)
  2 jellies
  An orc priest (D:7)
  4 hounds
  2 iguanas (D:5)
  An orc wizard (D:7)
  2 adders
  A shadow imp (D:5)
  An ufetubus (D:6)
  A worm (D:3)
  A dart slug (D:3)
  21 orcs
  4 ball pythons
  8 endoplasms
  2 giant cockroaches
  4 goblins
  3 hobgoblins
  4 jackals (D:1)
  5 kobolds
  2 quokkas
  3 bats
  3 rats (D:1)
82 creatures vanquished.

Notes
Turn   | Place    | Note
-------+----------+-------------------------------------------
     0 | D:5      | GordonOverkill the Vine Stalker Delver began the quest for
                  | the Orb.
     0 | D:5      | Reached XP level 1. HP: 11/11 MP: 2/2
    32 | D:6      | Noticed a hound
    32 | D:6      | Noticed a hound
    35 | D:6      | Identified the +1 chain mail of Foolhardiness {Regen+
                  | Dex+3}
    56 | D:6      | Noticed Menkaure
   187 | D:5      | Noticed an iguana
   478 | D:2      | Reached XP level 2. HP: 16/16 MP: 3/3
  1040 | D:1      | Reached XP level 3. HP: 20/20 MP: 4/4
  1961 | D:3      | Reached skill level 1 in Unarmed Combat
  1976 | D:3      | Reached skill level 1 in Shapeshifting
  2023 | D:3      | Gained mutation: Your natural rate of healing is unusually
                  | fast. [Vine Stalker growth]
  2023 | D:3      | Reached XP level 4. HP: 24/24 MP: 5/5
  2125 | D:3      | Noticed a steam dragon
  2158 | D:3      | Killed a steam dragon
  2159 | D:3      | Reached XP level 5. HP: 19/28 MP: 2/6
  2330 | D:3      | Found a faded altar of an unknown god.
  3110 | D:5      | Found a staircase to the Ecumenical Temple.
  3115 | D:5      | Reached XP level 6. HP: 20/32 MP: 3/7
  3155 | Temple   | Entered the Ecumenical Temple
  3161 | Temple   | Became a worshipper of Warmaster Okawaru
  3438 | D:5      | Reached skill level 1 in Invocations
  3703 | D:6      | Reached XP level 7. HP: 20/36 MP: 9/9
  3705 | D:6      | Reached * piety under Okawaru
  3769 | D:6      | Killed Menkaure
  3770 | D:6      | Reached skill level 5 in Unarmed Combat
  3981 | D:6      | Gained mutation: You have razor-sharp teeth. [Vine Stalker
                  | growth]
  3981 | D:6      | Reached XP level 8. HP: 40/40 MP: 10/10
  4072 | D:6      | Reached skill level 5 in Shapeshifting
  4128 | D:7      | Noticed a two-headed ogre
  4195 | D:7      | Slain by a two-headed ogre

Illustrated notes

Levels and vault maps discovered:
D:1:      lemuel_arrival_room, layout_basic, minivault_26
D:2:      layout_basic
D:3:      layout_basic, shapermc_ecumenical_altar_venn, kennysheep_flooded_box
D:4:      layout_rooms, amcnicky_mini_corridor_feature, mrwooster_statue_mirror
D:5:      layout_rooms, minmay_temple_entry_statues_fountains
D:6:      layout_rooms, chequers_garden, nrook_loot_triangle, uniq_menkaure
D:7:      layout_loops_ring
Temple:   eino_narrow_crystal_temple

Skill      XL: |  1  2  3  4  5  6  7  8 |
---------------+-------------------------+-----
Polearms       | 2 |  2.3
Fighting       | 3 |  3.0
Dodging        | 2 |  2.0
Unarmed Combat | 1 2 3 4 5 |  5.6
Shapeshifting  | 1 2 3 4 5 |  5.1
Invocations    | 2 |  2.0
Armour         | |  0.9
Stealth        | |  6.0

Action                     |  1- 3 |  4- 6 |  7- 9 || total
---------------------------+-------+-------+-------++-------
  Melee: Spear             |   155 |    59 |       ||   214
         Bite              |    32 |    46 |    10 ||    88
         Punch             |     1 |     4 |     1 ||     6
         Unarmed           |       |    74 |    47 ||   121
         Constrict         |       |       |     4 ||     4
    Use: Scroll            |     1 |     5 |     1 ||     7
         Potion            |       |     1 |       ||     1
   Stab: Sleeping          |     3 |       |     1 ||     4
         Distracted        |     1 |       |       ||     1
 Armour: Leather armour    |     4 |       |       ||     4
         Chain mail        |    62 |    47 |     6 ||   115
         Skin              |       |       |     1 ||     1
  Dodge: Dodged            |    62 |    88 |    30 ||   180
   Form: Anaconda          |       |       |     1 ||     1

Table legend: (Time is in decaauts)
 A = Elapsed time spent in this place.
 B = Non-inter-level travel time spent in this place.
 C = Inter-level travel time spent in this place.
 D = Time resting spent in this place.
 E = Time spent auto-exploring this place.
 F = Levels seen in this place.
 G = Mean time per level.
                   A        B        C        D        E       F      G
               +--------+--------+--------+--------+--------+-----+--------+
         Total |   4189 |   3914 |    275 |     94 |   2713 |   8 |  523.6 |
       Dungeon |   4176 |   3906 |    270 |     94 |   2713 |   7 |  596.6 |
        Temple |     12 |      7 |      5 |      0 |      0 |   1 |   12.0 |
               +--------+--------+--------+--------+--------+-----+--------+

Top non-repeatable levels by time:
     D:3: 1013 daAuts
     D:2: 765 daAuts
     D:1: 709 daAuts
     D:5: 589 daAuts
     D:6: 552 daAuts
     D:4: 505 daAuts
     D:7: 40 daAuts
  Temple: 12 daAuts
